 Dungeon Crawl Stone Soup version 0.31-a0-876-gfe8ebadbca (webtiles) character file.

Game seed: 7882982055924807933

728 ICC the Magician (level 7, 0/35 HPs)
             Began as a Vine Stalker Hunter on Oct 13, 2023.
             Was an Initiate of Wu Jian.
             Slain by an orc warrior
             ... wielding a +0 halberd
              (9 damage)
             ... on level 4 of the Dungeon.
             The game lasted 00:12:12 (3081 turns).

ICC the Magician (Vine Stalker Hunter)              Turns: 3081, Time: 00:12:13

Health: 0/35       AC:  7    Str: 10 (13) XL:     7   Next: 72%
Magic:  0/15       EV: 11    Int:  9      God:    Wu Jian [......]
Gold:   308        SH:  0    Dex: 20      Spells: 16/16 levels left

rFire   . . .        w - +0 short sword
rCold   . . .        (no shield)
rNeg    . . .        d - +0 ring mail
rPois   +            p - +0 helmet
rElec   .            (no cloak)
rCorr   .            j - +0 pair of gloves
SInv    .            (no boots)
Will    .....        (no amulet)
Stlth   ++           g - ring of poison resistance
HPRegen 1.05/turn    (no ring)
MPRegen 0.14/turn

%: guardian spirit
@: no status effects
A: fangs 2, regeneration 1, magic shield, antimagic bite, no potion heal 2
a: Renounce Religion


You were on level 4 of the Dungeon.
You worshipped Wu Jian.
Wu Jian was noncommittal.
You visited 2 branches of the dungeon, and saw 6 of its levels.

You collected 308 gold pieces.

Inventory:

Hand Weapons
 w - a +0 short sword (weapon)
Armour
 d - a +0 ring mail (worn)
 j - a +0 pair of gloves (worn)
 p - a +0 helmet (worn)
Jewellery
 g - a ring of poison resistance (left hand)
Scrolls
 b - a scroll of butterflies
 c - a scroll of noise
 f - a scroll of poison {unknown}
 i - a scroll of revelation {unknown}
 k - a scroll of immolation {unknown}
 l - a scroll of teleportation
 m - a scroll of blinking
 q - a scroll of brand weapon
 r - a scroll of fog
Potions
 e - a potion of enlightenment
 h - a potion of curing


   Skills:
 - Level 2.0 Fighting
 + Level 4.4 Short Blades
 - Level 3.6 Ranged Weapons
 - Level 2.0 Armour
 - Level 2.0 Dodging
 - Level 2.0 Stealth
 + Level 5.2 Spellcasting


You had 16 spell levels left.
You didn't know any spells.
Your spell library contained the following spells:

 Spells                   Type           Power      Damage    Failure   Level
 Cigotuvi's Dreadful Rot  Necr/Pois/Air  4%         N/A       67%         2
 Ignite Poison            Fire/Tmut/Pois 2%         N/A       88%         3
 Freezing Cloud           Conj/Ice/Air   1%         6-21      100%        5


Dungeon Overview and Level Annotations

Branches:
Dungeon (5/15) Zot: 26120  Temple (1/1) D:4 Zot: 5981

Altars:
Ashenzari
Cheibriados
Dithmenos
Fedhas
Kikubaaqudgha
Makhleb
Nemelex Xobeh
Okawaru
Qazlal
Ru
Sif Muna
Trog
Uskayaw
Vehumet
Wu Jian
The Shining One

Shops:
D:1 [

Annotations:
D:3 1 runed translucent door, Salticidae's ghost, amateur OpVM


Innate Abilities, Weirdness & Mutations

You have extremely sharp teeth.
Your natural rate of healing is unusually fast.
When hurt, damage is shared between your health and your magic reserves.
Your bite disrupts and absorbs the magic of your enemies.
Potions cannot restore your health.


Message History

The orc warrior is moderately wounded.
The orc warrior hits you with a +0 halberd!!
You are too injured to fight recklessly!
You are too injured to fight recklessly!
You are too injured to fight recklessly!
You are too injured to fight recklessly!
You closely miss the orc warrior. You bite the orc warrior.
You drain its power.
You feel invigorated.
The orc warrior is heavily wounded.
The orc warrior hits you with a +0 halberd!
You hit the orc warrior but do no damage.
You bite the orc warrior. You drain its power.
You feel invigorated.
The orc warrior is heavily wounded.
The orc warrior hits you with a +0 halberd.
* * * LOW HITPOINT WARNING * * *
You hit the orc warrior but do no damage.
Your bite misses the orc warrior.
The orc warrior is heavily wounded.
The orc warrior misses you.
You hit the orc warrior but do no damage.
The orc warrior is heavily wounded.
You closely miss the orc warrior. Your bite misses the orc warrior.
The orc warrior is heavily wounded.
The orc warrior barely misses you.
You completely miss the orc warrior. Your punch misses the orc warrior.
You bite the orc warrior, but do no damage.
The orc warrior is heavily wounded.
The orc warrior hits you with a +0 halberd!
* * * LOW HITPOINT WARNING * * *
You hit the orc warrior but do no damage.
You bite the orc warrior, but do no damage.
The orc warrior is heavily wounded.
The orc warrior hits you but does no damage.
You completely miss the orc warrior. Your bite misses the orc warrior.
The orc warrior is heavily wounded.
You hit the orc warrior but do no damage.
Your punch misses the orc warrior.
The orc warrior is heavily wounded.
The orc warrior hits you with a +0 halberd!
You die...

#######.###########........
#.#.#
..............##..........#
#.#.#
#######..####.#..##...###.#
#.#.# #
##....#....##).##.#.# #.#.#
# #.....>..#.#.†##)##.#
#.#.# #
#.#####....#....##..# #.#.#
# #.# #.##.##...#...# #....
# #.# #.##o###....†.# #####
# #.# #.##@.###..##.## #
#.#####.##...######..# #
#....)..#............#
##########............<#...#
........##.#...#####..##..##
#######.##.#.###.........##
......#.##.#..........####
#####.#..#.#.###.######
#.#.##.#.# #.#


You could see an orc warrior.

Vanquished Creatures
  Sigmund (D:4)
  An ogre (D:4)
  A phantom (D:5)
  A scorpion (D:4)
  A bullfrog (D:4)
  A jelly (D:4)
  2 orc priests
  An iguana (D:5)
  An orc wizard (D:4)
  7 adders
  A worm (D:2)
  2 dart slugs
  11 orcs
  14 bats
  6 endoplasms
  2 giant cockroaches
  6 goblins
  3 hobgoblins
  3 quokkas
  4 ball pythons
  5 frilled lizards
  3 kobolds
  7 rats
84 creatures vanquished.

Notes
Turn   | Place    | Note
-------+----------+-------------------------------------------
     0 | D:1      | ICC the Vine Stalker Hunter began the quest for the Orb.
     0 | D:1      | Reached XP level 1. HP: 11/11 MP: 2/2
   110 | D:1      | Found Rigyamon's Armour Emporium.
   134 | D:1      | You fall into a shaft and drop 1 floor!
   183 | D:2      | Reached XP level 2. HP: 15/15 MP: 3/3
   216 | D:2      | Reached skill level 1 in Spellcasting
   264 | D:1      | Reached XP level 3. HP: 18/18 MP: 4/6
  1028 | D:3      | Found an iron altar of Okawaru.
  1287 | D:3      | Reached skill level 2 in Spellcasting
  1287 | D:3      | Reached XP level 4. HP: 21/23 MP: 6/8
  1323 | D:3      | Reached skill level 1 in Short Blades
  1323 | D:3      | Reached skill level 1 in Armour
  1355 | D:3      | Found a stormy altar of Qazlal.
  1380 | D:3      | Found a runed translucent door.
  1381 | D:3      | Noticed Salticidae's ghost (amateur OpVM)
  1473 | D:3      | Found a broken altar of Ashenzari.
  2093 | D:4      | Noticed a scorpion
  2102 | D:4      | Killed a scorpion
  2103 | D:4      | Reached XP level 5. HP: 26/26 MP: 8/10
  2126 | D:4      | Reached skill level 3 in Spellcasting
  2148 | D:4      | Reached XP level 6. HP: 30/30 MP: 11/11
  2165 | D:4      | Noticed an orc warrior
  2168 | D:5      | Entered Level 5 of the Dungeon
  2316 | D:4      | Found a hide-covered altar of Uskayaw.
  2359 | D:4      | Reached skill level 4 in Spellcasting
  2446 | D:4      | Noticed Sigmund
  2478 | D:4      | Killed Sigmund
  2479 | D:4      | Reached XP level 7. HP: 31/35 MP: 12/15
  2985 | D:4      | Found a staircase to the Ecumenical Temple.
  3001 | D:4      | Reached skill level 5 in Spellcasting
  3005 | Temple   | Entered the Ecumenical Temple
  3014 | Temple   | Became a worshipper of the Wu Jian Council
  3081 | D:4      | Slain by an orc warrior

Illustrated notes

Levels and vault maps discovered:
D:1:      mrwooster_arrival_statue_3, layout_rooms, serial_shops,
          nicolae_shop_tiny_real_fake_doors, minivault_19, skrybe_limestone_x,
          nicolae_titane
D:2:      layout_rooms
D:3:      layout_loops_corners, mainiacjoe_overflow_tiny_flanked,
          mainiacjoe_overflow_24_doors, marbit_many_paths,
          ebering_ghost_reflecting_pool, nicolae_figureground_pulse
D:4:      layout_basic, nicolae_uskayaw_murder_on_the_dancefloor,
          minmay_temple_entry_proselytizer, minmay_cupped, uniq_sigmund
D:5:      layout_basic
Temple:   nicolae_temple_no_exploring_needed

Skill      XL: |  1  2  3  4  5  6  7 |
---------------+----------------------+-----
Fighting       | 2 |  2.0
Stealth        | 2 |  2.0
Spellcasting   | 1 2 3 4 5 |  5.2
Dodging        | 2 |  2.0
Short Blades   | 1 2 4 |  4.4
Armour         | 1 2 |  2.0
Ranged Weapons | |  3.6

Action                     |  1- 3 |  4- 6 |  7- 9 || total
---------------------------+-------+-------+-------++-------
  Melee: Short sword       |     8 |   101 |    36 ||   145
         Bite              |     1 |    27 |    16 ||    44
         Punch             |       |     2 |       ||     2
   Fire: Shortbow          |   104 |    77 |    20 ||   201
  Throw: Dart              |       |     2 |       ||     2
Ability: Lunge             |       |       |     1 ||     1
    Use: Potion            |       |     4 |       ||     4
         Scroll            |       |     2 |     4 ||     6
 Armour: Ring mail         |    54 |    61 |    17 ||   132
  Dodge: Dodged            |    58 |    58 |    11 ||   127

Table legend: (Time is in decaauts)
 A = Elapsed time spent in this place.
 B = Non-inter-level travel time spent in this place.
 C = Inter-level travel time spent in this place.
 D = Time resting spent in this place.
 E = Time spent auto-exploring this place.
 F = Levels seen in this place.
 G = Mean time per level.
                   A        B        C        D        E       F      G
               +--------+--------+--------+--------+--------+-----+--------+
         Total |   3111 |   2951 |    160 |      0 |   2267 |   6 |  518.5 |
       Dungeon |   3092 |   2947 |    145 |      0 |   2267 |   5 |  618.4 |
        Temple |     18 |      3 |     15 |      0 |      0 |   1 |   18.0 |
               +--------+--------+--------+--------+--------+-----+--------+

Top non-repeatable levels by time:
     D:3: 1113 daAuts
     D:4: 813 daAuts
     D:1: 558 daAuts
     D:2: 473 daAuts
     D:5: 133 daAuts
  Temple: 18 daAuts
